 Dungeon Crawl Stone Soup version 0.13.0-18-g7b03ea5 (webtiles) character file.

668 Narretz the Shield-Bearer (level 6, -3/39 HPs)
             Began as a Gargoyle Fighter on Oct 22, 2013.
             Killed by divine providence
             ... invoked by an orc priest
              (11 damage)
             ... on Level 5 of the Dungeon.
             The game lasted 00:10:34 (2888 turns).

Narretz the Shield-Bearer (Gargoyle Fighter)        Turns: 2888, Time: 00:10:34

HP  -3/39        AC 15     Str 21      XL: 6   Next: 88%
MP  14/14        EV  7     Int  9      God:
Gold 260         SH 19     Dex  9      Spells:  0 memorised,  5 levels left

Res.Fire  : . . .   See Invis. : .   a - +0 mace
Res.Cold  : + . .   Warding    : .   b - +0 scale mail
Life Prot.: + . .   Conserve   : .   c - +0 shield
Res.Poison: +       Res.Corr.  : .   (no helmet)
Res.Elec. : +       Clarity    : .   k - +0 cloak
Sust.Abil.: . .     Spirit.Shd : .   y - +0 pair of gauntlets
Res.Mut.  : .       Stasis     : .   j - +0 pair of boots
Res.Rott. : +       Flight     : .   (no amulet)
Saprovore : . . .                    w - ring of protection from cold
                                     p - ring of magical power

@: slightly resistant to hostile enchantments, extremely unstealthy
A: fangs 1, talons 2, life protection 1, electricity resistance, slow metabolism
1, unbreathing, petrification resistance, AC +4
a: no special abilities


You were on level 5 of the Dungeon.
You were not hungry.

You visited 1 branch of the dungeon, and saw 5 of its levels.

You collected 240 gold pieces.

Inventory:

Hand weapons
 a - a +0,+0 mace (weapon)
Missiles
 C - 8 javelins (quivered)
Armour
 b - a +0 scale mail (worn)
 c - a +0 shield (worn)
 j - a +0 pair of boots (worn)
 k - a +0 cloak (worn)
 y - a +0 pair of gauntlets (worn)
Comestibles
 d - 3 bread rations
 D - an orange
Scrolls
 f - a scroll of teleportation
 g - 2 scrolls of blinking
 h - a scroll of random uselessness {unknown}
 l - 2 scrolls of remove curse {unknown}
 o - 2 scrolls of noise
 q - a scroll of fear {unknown}
 r - a scroll of recharging {unknown}
 t - a scroll of enchant armour {unknown}
 u - 2 scrolls of fog {unknown}
 x - 2 scrolls of identify {unknown}
 B - a scroll of enchant weapon II {unknown}
 F - a scroll of enchant weapon I {unknown}
Jewellery
 p - a ring of magical power (left hand)
 w - a ring of protection from cold (right hand)
Potions
 e - 5 potions of curing
 i - a potion of confusion {unknown}
 m - 2 potions of might {unknown}
 n - a potion of restore abilities {unknown}
 s - a potion of cure mutation {unknown}
 v - 2 potions of speed {unknown}
 z - a potion of degeneration {unknown}
 A - a potion of heal wounds {unknown}
 E - a potion of invisibility


   Skills:
 + Level 4.4 Fighting
 * Level 3.7 Maces & Flails
 + Level 4.2 Armour
 + Level 2.8 Dodging
 + Level 0.2 Stealth
 + Level 4.8 Shields


You had 5 spell levels left.
You didn't know any spells.

Dungeon Overview and Level Annotations

Branches:
Dungeon (5/27)
 Temple: D:4-7

Altars:


Innate Abilities, Weirdness & Mutations

You are resistant to torment.
You are immune to poison.
Your stone body is very resilient (AC +4).
You have very sharp teeth.
You have razor-sharp toenails.
You resist negative energy.
You are resistant to electric shocks.
You have a slow metabolism.
You can survive without breathing.
You are immune to petrification.


Message History

You hit the goliath beetle.
The goliath beetle is lightly wounded.
The goliath beetle bites you.
You hit the goliath beetle.
The goliath beetle is moderately wounded.
The goliath beetle bites you!
You see here 5 large rocks.
The orc wizard mumbles some strange words.
The orc wizard seems to speed up.
A centaur skeleton comes into view.
The orc wizard gestures at you while chanting.
The magic dart hits you!
Found a stone staircase leading up.
An orc priest comes into view.
The orc priest calls down the wrath of Beogh upon you.
Something smites you!
* * * LOW HITPOINT WARNING * * *
The orc priest calls down the wrath of Beogh upon you.
Something smites you!
You die...

..##########......
.....##.##.## #......
#.....#.###..# #......
#.....#.#..(####......
#.....##.###(.##..#...
.##.....#.#..8.).#.##...
........###.(o..)#......
..<......##...B.Bow......
#....@##..###..#......
#...Z.#..#.###.#......
#.......####$###B.....
........###.....##......
........o....oo...o.....
.......#......w.........
.......................
##......?.###.........
#........ #....##...


You could see an orc priest and a centaur skeleton.

Vanquished Creatures
  A centaur (D:5)
  A giant frog skeleton (D:5)
  4 worker ants
  Ijyb (D:3)
  8 adders (D:2)
  2 worms
  A giant gecko (D:3)
  4 oozes
  3 orcs
  7 ball pythons
  4 giant cockroaches
  16 goblins
  11 hobgoblins
  2 jackals (D:3)
  11 kobolds
  2 quokkas
  4 bats
  5 giant newts
  14 rats
101 creatures vanquished.

Notes
Turn   | Place    | Note
--------------------------------------------------------------
     0 | D:1      | Narretz, the Gargoyle Fighter, began the quest for the Orb.
     0 | D:1      | Reached XP level 1. HP: 14/14 MP: 0/0
   158 | D:1      | Reached XP level 2. HP: 16/19 MP: 1/1
   682 | D:2      | Reached XP level 3. HP: 18/24 MP: 2/2
   880 | D:2      | Reached skill level 4 in Fighting
   892 | D:2      | Reached XP level 4. HP: 25/29 MP: 3/3
   944 | D:2      | Reached skill level 1 in Dodging
  1150 | D:2      | Reached XP level 5. HP: 26/33 MP: 4/4
  1653 | D:3      | Noticed a hungry ghost
  1818 | D:4      | Noticed an ogre
  2058 | D:3      | Noticed Ijyb
  2072 | D:3      | Killed Ijyb
  2100 | D:3      | Reached XP level 6. HP: 39/39 MP: 5/5
  2517 | D:5      | Entered Level 5 of the Dungeon
  2888 | D:5      | Killed from afar by an orc priest

Action                   |  1- 3 |  4- 6 || total
-------------------------+-------+-------++-------
Melee: Mace              |    79 |   308 ||   387
  Use: Scroll            |       |     3 ||     3
       Potion            |       |     1 ||     1
